 Dungeon Crawl Stone Soup version 0.28-a0-852-gbbce81c95b (webtiles) character file.

Game seed: 14460961726875639026

179 Conn the Sneak (level 5, 0/32 HPs)
             Began as an Octopode Fire Elementalist on Nov 15, 2021.
             Succumbed to an adder's poison
             ... on level 3 of the Dungeon.
             The game lasted 00:03:58 (3009 turns).

Conn the Sneak (Octopode Fire Elementalist)         Turns: 3009, Time: 00:03:59

Health: 0/32       AC:  1    Str:  7    XL:     5   Next: 59%
Magic:  9/9        EV: 13    Int: 18    God:
Gold:   175        SH:  0    Dex: 13    Spells: 8/9 levels left

rFire   . . .      SeeInvis .   a - +2 battleaxe (elec)
rCold   . . .      Faith    .   (shield currently unavailable)
rNeg    . . .      Spirit   .   (helmet restricted)
rPois   .          Reflect  .   b - amulet of the acrobat
rElec   .          Harm     .   (no ring)
rCorr   .          Rampage  .   (no ring)
Will    .....                   (no ring)
Stlth   ++++......              (no ring)
HPRegen 0.10/turn               (no ring)
MPRegen 0.11/turn               (no ring)
                                (no ring)
                                (no ring)

@: lethally poisoned (0 -> -3), invisible
A: almost no armour, amphibious, 8 rings, camouflage 1, gelatinous body 1,
(nimble swimmer 1), tentacles
a: no special abilities


You were on level 3 of the Dungeon.
You visited 1 branch of the dungeon, and saw 3 of its levels.

You collected 175 gold pieces.

Inventory:

Hand Weapons
 a - a +2 battleaxe of electrocution (weapon)
 c - a +0 dagger
 g - a +3 dagger of holy wrath
Jewellery
 b - an amulet of the acrobat (around mantle)
Wands
 j - a wand of flame (17)
Scrolls
 d - a scroll of vulnerability {unknown}
 k - a scroll of noise {unknown}
Potions
 e - a potion of haste


   Skills:
 + Level 0.6 Fighting
 + Level 0.6 Short Blades
 + Level 1.2 Axes
 + Level 2.7 Dodging
 + Level 4.2 Stealth
 + Level 2.8 Spellcasting
 + Level 1.6 Conjurations
 + Level 3.8 Fire Magic


You had 8 spell levels left.
You knew the following spells:

 Your Spells              Type           Power      Damage    Failure   Level
a - Foxfire               Conj/Fire      48%        2x1d6     5%          1

Your spell library contained the following spells:

 Spells                   Type           Power      Damage    Failure   Level
 Scorch                   Fire           32%        2d6       4%          2
 Conjure Flame            Conj/Fire      12%        6-21      16%         3
 Inner Flame              Hex/Fire       9%         N/A       22%         3
 Flame Wave               Conj/Fire      12%        3d4       47%         4


Dungeon Overview and Level Annotations

Branches:
Dungeon (3/15)

Altars:

Annotations:
D:3 Robin


Innate Abilities, Weirdness & Mutations

You cannot wear most types of armour.
You are amphibious.
You can wear up to eight rings at the same time.
Your skin changes colour to match your surroundings (Stealth+).
Your rubbery body absorbs attacks. (AC +1, EV +1)
((You are camouflaged near water. (Stealth+)))
You have tentacles for arms and can constrict up to eight enemies at once.


Message History

The foxfire hits the goblin.
The goblin is moderately wounded.
The goblin hits you with a +0 club.
Unknown command.
Casting: Foxfire (safe; 5% risk of failure)
Confirm with . or Enter, or press ? or * to list all spells.
You conjure some foxfire!
The foxfire hits the goblin.
You kill the goblin!
Robin hits you from afar with a +0 spear.
The adder bites you.
The foxfire hits the goblin.
The goblin is almost dead.
The goblin hits you with a +0 club.
Unknown command.
The adder completely misses you.
You hit the adder. You grab the adder.
You squeeze the adder, but do no damage.
The adder is severely wounded.
You constrict the adder. The adder bites you. x2
* * * LOW HITPOINT WARNING * * *
You are lethally poisoned!
The adder poisons you! The adder bites you.
* * * LOW HITPOINT WARNING * * *
It was a potion of haste.
You feel yourself speed up.
You constrict the adder.
* * * LOW HITPOINT WARNING * * *
You feel sick. The adder closely misses you.
You release your grip on the adder.
* * * LOW HITPOINT WARNING * * *
You feel sick.
It was a potion of cancellation.
Your magical effects are unravelling.
You feel magically purged.
You feel yourself slow down.
* * * LOW HITPOINT WARNING * * *
You feel sick. The adder barely misses you.
It was a potion of invisibility.
You fade into invisibility!
* * * LOW HITPOINT WARNING * * *
You feel sick. The adder closely misses you.
It was a potion of magic.
Magic courses through your body.
You die...

##..........#
...........#
#........#
#.g##..#
##g#..# #.go#
###g# #S# #@#
##### #.#
..... #.#
#####
########.#
#........#
#.########
#.# #.# #.#


You could see an adder, an orc and 2 goblins.

Vanquished Creatures
  An orc priest (D:3)
  Jessica (D:2)
  2 orc wizards (D:3)
  An adder (D:3)
  A dart slug (D:1)
  5 orcs (D:3)
  3 endoplasms
  A giant cockroach (D:1)
  10 goblins
  4 hobgoblins
  6 jackals (D:1)
  4 quokkas (D:1)
  7 ball pythons
  6 bats
  A frilled lizard (D:3)
  2 kobolds
  A rat (D:1)
56 creatures vanquished.

Vanquished Creatures (others)
  83 foxfires
83 creatures vanquished.

Grand Total: 139 creatures vanquished

Notes
Turn   | Place    | Note
-------+----------+-------------------------------------------
     0 | D:1      | Conn the Octopode Fire Elementalist began the quest for the
                  | Orb.
     0 | D:1      | Reached XP level 1. HP: 11/11 MP: 3/3
   189 | D:1      | Reached XP level 2. HP: 7/17 MP: 0/5
   915 | D:1      | Reached XP level 3. HP: 21/21 MP: 0/6
  1412 | D:2      | Noticed Jessica
  1417 | D:2      | Killed Jessica
  1418 | D:2      | Reached skill level 3 in Stealth
  1418 | D:2      | Reached XP level 4. HP: 27/27 MP: 4/7
  1709 | D:2      | Found a faded altar of an unknown god.
  2181 | D:3      | Noticed Robin
  2547 | D:3      | Reached XP level 5. HP: 21/31 MP: 9/9
  2549 | D:3      | Reached skill level 4 in Stealth
  2579 | D:3      | Reached skill level 1 in Axes
  3007 | D:3      | HP: 1/32 [poisoned by an adder]
  3009 | D:3      | Succumbed to an adder's poison

Illustrated notes

Levels and vault maps discovered:
D:1:      minmay_arrival_arboretum_small, layout_basic, st_stairs_2,
          hangedman_abyss_or_decor_lesser_grid, minmay_bisected
D:2:      wander_river, layout_basic, hellmonk_ecumenical_altar_crossroads,
          uniq_jessica
D:3:      layout_loops_ring, minmay_curled_crystal, st_stairs_5, uniq_robin

Skill      XL: |  1  2  3  4  5 |
---------------+----------------+-----
Stealth        | 3 4 |  4.2
Axes           | 1 |  1.2
Fighting       | |  0.6
Short Blades   | |  0.6
Dodging        | |  2.7
Spellcasting   | |  2.8
Conjurations   | |  1.6
Fire Magic     | |  3.8

Action                   |  1- 3 |  4- 6 || total
-------------------------+-------+-------++-------
Melee: Dagger            |    32 |    14 ||    46
       Constrict         |     9 |    12 ||    21
       Tentacles         |     4 |     3 ||     7
       Battleaxe         |       |    18 ||    18
 Cast: Foxfire           |    30 |    22 ||    52
  Use: Potion            |       |     5 ||     5
       Scroll            |       |     1 ||     1
 Stab: Sleeping          |     3 |     6 ||     9
Armor: Skin              |     8 |     3 ||    11
Dodge: Dodged            |    61 |    20 ||    81

Table legend: (Time is in decaauts)
 A = Elapsed time spent in this place.
 B = Non-inter-level travel time spent in this place.
 C = Inter-level travel time spent in this place.
 D = Time resting spent in this place.
 E = Time spent auto-exploring this place.
 F = Levels seen in this place.
 G = Mean time per level.
                   A        B        C        D        E       F      G
               +--------+--------+--------+--------+--------+-----+--------+
         Total |   3018 |   2996 |     22 |    158 |   2294 |   3 | 1006.0 |
       Dungeon |   3018 |   2996 |     22 |    158 |   2294 |   3 | 1006.0 |
               +--------+--------+--------+--------+--------+-----+--------+

Top non-repeatable levels by time:
     D:1: 1406 daAuts
     D:3: 854 daAuts
     D:2: 757 daAuts
